[Event "Live Chess"]
[Site "Chess.com"]
[Date "2024.06.02"]
[Round "-"]
[White "JohanKjeldahl"]
[Black "nyclone"]
[Result "1-0"]
[WhiteElo "1807"]
[BlackElo "1148"]
[TimeControl "300"]
[EndTime "3:24:07 PDT"]
[Termination "JohanKjeldahl won by resignation"]

1. e4 e6 2. d4 b6 3. Bd3 Bb7 4. Nf3 Nf6 5. Qe2 d5 6. e5 Nfd7 7. O-O c5 8. c3 cxd4 9. cxd4 Be7 10. Nc3 a6 11. Bf4 b5 12. Rac1 Nf8 13. Qd2 Ng6 14.
Bg3 Bh4 15. Nxh4 Nxh4 16. f4 Nf5 17. Bxf5 exf5 18. Qd3 g6 19. Nd1 O-O 20. Ne3 f6 21. Bh4 Qb6 22. Bxf6 Rxf6 23. exf6 Qxf6 24. Rc7 Bc6 25. Rc1 Qd6 26. R7xc6 Nxc6 27. Qc3 Rc8 28. Qc5 Qxf4 29. Nxd5 Qg5 30. Nb6 Rc7 31. Qd5+ Kg7 32. Rxc6 Rxc6 33. Qxc6 Kh6 34. Qc3 Qf4 35. Nd5 Qe4 36.
Nf6 Qxd4+ 37. Qxd4 Kg7 1-0

[Event "Live Chess"]
[Site "Chess.com"]
[Date "2024.06.02"]
[Round "-"]
[White "booktrunk"]
[Black "AlexanderMatlak"]
[Result "0-1"]
[WhiteElo "1500"]
[BlackElo "2395"]
[TimeControl "300"]
[EndTime "3:24:14 PDT"]
[Termination "AlexanderMatlak won by resignation"]

1. d4 Nf6 2. Nc3 d5 3. Bf4 g6 4. Nf3 Bg7 5. Nb5 Na6 6. e3 O-O 7. Bd3 c6 8. Nc3 Nc7 9. O-O Bg4 10. h3 Bxf3 11. Qxf3 Ne6 12. Bh2 c5 13. dxc5 Nxc5 14. Be2 Nce4 15. Nxe4 Nxe4 16. c3 Nd2 17. Qf4 Nxf1 18.
Kxf1 e5 19. Qf3 Qb6 20. b3 Rad8 21. Rd1 d4 22. exd4 exd4 23. c4 Rfe8 24. Bd3 Be5 25. g3 Rd6 26. Rd2 Rf6 27. Qe4 Rfe6 28. Qf3 Qb4 29.
Re2 Bf6 30. Qd5 Rxe2 31. Bxe2 Qd2 32. Qf3 Kg7 33. g4 Qc3 34. Qd5 Qc1+ 0-1

[Event "Live Chess"]
[Site "Chess.com"]
[Date "2024.06.02"]
[Round "-"]
[White "GerardATHart"]
[Black "ACM42"]
[Result "0-1"]
[WhiteElo "1368"]
[BlackElo "2178"]
[TimeControl "300"]
[EndTime "3:24:30 PDT"]
[Termination "ACM42 won by resignation"]

1. e4 e6 2. d4 d5 3. Nd2 Nf6 4. Ngf3 dxe4 5. Ng5 Qxd4 6. c3 Qe5 7. Qe2 Qxg5 8. Nxe4 Qf5 9. g4 Qxe4 10. Qxe4 Nxe4 11. Bg2 Nc5 12. Be3 Nbd7 13. O-O-O Nb6 14. Bf4 c6 15.
Rhe1 Be7 16. Bg3 O-O 17. h4 Bd7 18. f4 Rad8 19. g5 Bc8 20. Bf3 Nd3+ 0-1

[Event "Live Chess"]
[Site "Chess.com"]
[Date "2024.06.02"]
[Round "-"]
[White "Queensandpawns"]
[Black "wadsy27"]
[Result "0-1"]
[WhiteElo "2240"]
[BlackElo "2575"]
[TimeControl "300"]
[EndTime "3:24:33 PDT"]
[Termination "wadsy27 won by resignation"]

1. e4 c5 2. Nf3 e5 3. Nxe5 Nc6 4. Nf3 d5 5. exd5 Qxd5 6. Nc3 Qe6+ 7. Be2 Bd7 8. O-O O-O-O 9. Re1 Bd6 10. d4 cxd4 11. Nxd4 Nxd4 12. Qxd4 Qe5 13. Qxe5 Bxe5 14. Be3 Kb8 15.
Rad1 Nf6 16. Bf3 Bxc3 17. bxc3 Bc6 18. Bxc6 Rxd1 19. Rxd1 bxc6 20. Bf4+ Kb7 21. c4 Re8 22. g4 Re4 23. g5 Rxf4 24. gxf6 Rxf6 25. Rd4 Kb6 26.
Rh4 h6 27. Kf1 Kc5 28. Ke2 g5 29. Rg4 Rd6 30. h4 f5 31. Rg1 gxh4 32. Rh1 Rd4 0-1

[Event "Live Chess"]
[Site "Chess.com"]
[Date "2024.06.02"]
[Round "-"]
[White "Bunny55"]
[Black "GwaryTek"]
[Result "0-1"]
[WhiteElo "1160"]
[BlackElo "1863"]
[TimeControl "300"]
[EndTime "3:24:48 PDT"]
[Termination "GwaryTek won by resignation"]

1. e4 Nf6 2. e5 Nd5 3. d4 d6 4.
exd6 cxd6 5. Nc3 Nxc3 6. bxc3 g6 7. Nf3 Bg7 8. Bd3 O-O 9. O-O Nc6 10. Re1 Bg4 11. Be3 Qa5 12. Bd2 Qc7 13. Rb1 e5 14. d5 Ne7 15. c4 f5 16. h3 Bxf3 17. Qxf3 e4 18. Bxe4 fxe4 19. Qxe4 Nf5 20. g4 Nh4 21.
Bf4 g5 22. Bg3 Nf3+ 23. Kg2 Nxe1+ 24. Rxe1 Rf7 25. c5 Qxc5 26. Qe6 Rd8 0-1

[Event "Live Chess"]
[Site "Chess.com"]
[Date "2024.06.02"]
[Round "-"]
[White "MagnersCarlsberg2870"]
[Black "JohanKjeldahl"]
[Result "1-0"]
[WhiteElo "1790"]
[BlackElo "1798"]
[TimeControl "300"]
[EndTime "3:25:27 PDT"]
[Termination "MagnersCarlsberg2870 won by resignation"]

1. d4 Nf6 2. Nf3 e6 3. e3 b6 4. Bd3 Bb7 5. Nbd2 d5 6. Qe2 Nbd7 7. c3 c5 8. O-O Bd6 9. e4 dxe4 10. Nxe4 Nxe4 11. Bxe4 Bxe4 12. Qxe4 Nf6 13. Qc6+ Qd7 14. Qxa8+ Ke7 15. Qxh8 1-0

[Event "Live Chess"]
[Site "Chess.com"]
[Date "2024.06.02"]
[Round "-"]
[White "JanMur7"]
[Black "Vladyslav2008"]
[Result "1-0"]
[WhiteElo "2293"]
[BlackElo "2274"]
[TimeControl "300"]
[EndTime "3:25:28 PDT"]
[Termination "JanMur7 won by checkmate"]

1. c4 Nf6 2. Nc3 e5 3. Nf3 Nc6 4. e4 Bc5 5. Nxe5 Nxe5 6. d4 Bb4 7. dxe5 Bxc3+ 8. bxc3 Ng8 9. Qg4 Kf8 10. Ba3+ d6 11. Qg3 h5 12. exd6 c5 13. d7 Bxd7 14. Bxc5+ Ne7 15.
Rd1 Rc8 16. Qd6 Ke8 17. Qxe7+ Qxe7 18. Bxe7 Kxe7 19. Be2 Be6 20. Rd4 Rhd8 21. Kd2 Bxc4 22. Rb1 b6 23. Rxd8 Rxd8+ 24. Ke3 Bxe2 25. Kxe2 Rc8 26.
Rb3 Kd6 27. Ra3 a5 28. Rb3 Kc5 29. a4 Re8 30. Ke3 f5 31. Rb5+ Kc4 32. f3 fxe4 33. fxe4 Re6 34. e5 Kxc3 35. Ke4 Kc4 36. Kf5 Re8 37.
e6 Rf8+ 38. Ke5 Rf1 39. e7 Ra1 40. Ke6 Re1+ 41. Re5 Rxe5+ 42. Kxe5 b5 43. e8=Q bxa4 44. Qxa4+ Kd3 45. Qxa5 Ke3 46. Qd8 Kf2 47. Qg5 Kg1 48. Qxh5 g5 49. Qxg5 Kxh2 50. Qf4+ Kxg2 51. Qe3 Kh2 52.
Qf3 Kg1 53. Qe2 Kh1 54. Kf4 Kg1 55. Kg3 Kh1 56. Qg2# 1-0

[Event "Live Chess"]
[Site "Chess.com"]
[Date "2024.06.02"]
[Round "-"]
[White "upoe610"]
[Black "Dhaydon19"]
[Result "0-1"]
[WhiteElo "2133"]
[BlackElo "2629"]
[TimeControl "300"]
[EndTime "3:25:42 PDT"]
[Termination "Dhaydon19 won by resignation"]

1. c4 e6 2. g3 d5 3. Bg2 Nf6 4. Nf3 Be7 5. O-O O-O 6. d4 b6 7. cxd5 Nxd5 8. Nc3 Nxc3 9. bxc3 Bb7 10. Qc2 Nd7 11. Ng5 Bxg5 12. Bxb7 Rb8 13. Be4 g6 14. Ba3 Be7 15. Bb2 Nf6 16. Bg2 c5 17. dxc5 Bxc5 18. c4 Qe7 19. Qc3 Kg7 20. g4 g5 21. h4 h6 22. hxg5 hxg5 23. Qd2 Kg6 24. Qd3+ Kg7 25. Be5 Rbd8 26. Qc3 Kg6 27. e3 Nxg4 28. Bg7 Rg8 29.
Be5 Nxe5 30. Qxe5 Qf6 31. Be4+ Kg7 32. Qg3 Rh8 33. f4 g4 34. Qxg4+ Kf8 35. Kf2 Rg8 36.
Qf3 Rd2+ 37. Ke1 Qc3 38. Rd1 Rc2+ 0-1

[Event "Live Chess"]
[Site "Chess.com"]
[Date "2024.06.02"]
[Round "-"]
[White "LL220284LL"]
[Black "RockTroll"]
[Result "1-0"]
[WhiteElo "2502"]
[BlackElo "2179"]
[TimeControl "300"]
[EndTime "3:25:55 PDT"]
[Termination "LL220284LL won by checkmate"]

1. Nc3 d5 2. g3 d4 3. Nb1 e5 4. Bg2 Nf6 5. e3 c5 6. d3 Nc6 7. Nf3 Bd6 8. Nbd2 O-O 9. a3 a5 10. O-O h6 11. exd4 exd4 12. Nc4 Bc7 13. Re1 Bg4 14. h3 Bh5 15. g4 Bg6 16. Nce5 Nxe5 17. Nxe5 Bh7 18. Bxb7 Rb8 19. Bg2 Bxe5 20. Rxe5 Nd7 21.
Re1 f5 22. b4 fxg4 23. Qxg4 axb4 24. axb4 Rxb4 25. Ra7 Bf5 26. Qg3 Rb1 27. Kh2 Qf6 28. Bd2 Rxe1 29. Bxe1 Ne5 30. Rc7 c4 31. dxc4 Bxc2 32.
Rc5 Nf3+ 33. Bxf3 Qxf3 34. Qxf3 Rxf3 35. Rd5 d3 36. c5 Rf6 37. Kg3 Kf7 38. Bc3 Rg6+ 39.
Kf4 Ke7 40. Ke3 Re6+ 41. Kf4 g6 42. f3 Rc6 43. Bb4 Ke6 44. Re5+ Kf6 45. Bc3 Kf7 46. Rd5 Re6 47. Bb4 Rc6 48. Rd7+ Ke6 49. Rd8 Bb1 50. Ke3 Bc2 51. Kd2 Bb1 52. Rh8 h5 53. Rg8 Kf7 54. Rd8 Bc2 55. h4 Kf6 56. Bc3+ Kf5 57. Rf8+ Ke6 58. Rf6+ Kd5 59. Rf8 Kc4 60. Rf4+ Kd5 61.
Rd4+ Ke6 62. Bb4 Kf5 63. Re4 Rc8 64. Re7 Ra8 65. c6 Ra2 66. c7 Bb1+ 67. Ke3 Re2+ 68. Kd4 d2 69. c8=Q+ Kf4 70. Qf8+ Kg3 71. Bxd2 Rxd2+ 72. Kc3 Rf2 73. f4 Bf5 74. Re3+ Rf3 75. Rxf3+ Kxf3 76.
Kd4 Kg4 77. Qe7 Kxf4 78. Qg5+ Kf3 79. Qe3+ Kg4 80. Ke5 Bb1 81. Qg5+ Kh3 82. Qf4 Bf5 83. Kf6 Bg4 84. Kg5 Be2 85. Qe3+ Kg2 86. Qxe2+ Kg1 87. Kf4 Kh1 88. Kg3 Kg1 89. Qg2# 1-0

[Event "Live Chess"]
[Site "Chess.com"]
[Date "2024.06.02"]
[Round "-"]
[White "KeithArkell"]
[Black "ogpin"]
[Result "1-0"]
[WhiteElo "2410"]
[BlackElo "2195"]
[TimeControl "300"]
[EndTime "3:26:36 PDT"]
[Termination "KeithArkell won by resignation"]

1. d4 a5 2. Nf3 Ra6 3. e4 g6 4. Bxa6 Nxa6 5. Nc3 b6 6. d5 Bb7 7. Be3 Bg7 8. Bd4 Nf6 9. O-O O-O 10. Re1 e6 11. a3 Qa8 12. Qd2 Nc5 13. b4 Na6 14.
Rab1 axb4 15. axb4 c5 16. bxc5 bxc5 17. Be5 Nb4 18. Ra1 Qc8 19. Ra5 exd5 20. exd5 Nbxd5 21. Nxd5 Nxd5 22. Bxg7 Kxg7 23. Re5 Qc6 24. c4 Nf6 25. Rexc5 Qe4 26. Qb2 Qg4 27. Qxb7 Re8 28. h3 Qf4 29. Qb2 Kg8 30. Re5 Rc8 31. c5 Ne4 32. Ra4 f5 33. Rd5 Nxc5 34. Rxf4 Na4 35. Qa3 1-0

[Event "Live Chess"]
[Site "Chess.com"]
[Date "2024.06.02"]
[Round "-"]
[White "ameetghasi100"]
[Black "Mikhail_Golubev"]
[Result "1-0"]
[WhiteElo "2776"]
[BlackElo "2512"]
[TimeControl "300"]
[EndTime "3:26:45 PDT"]
[Termination "ameetghasi100 won on time"]

1. c4 g6 2. Nf3 Bg7 3. d4 d6 4. Nc3 Nf6 5. e3 O-O 6. Be2 Bd7 7. O-O Re8 8. b4 e5 9. dxe5 dxe5 10. Bb2 e4 11. Nd4 Na6 12. b5 Nc5 13. a4 h5 14.
a5 Ng4 15. h3 Ne5 16. Ba3 Ned3 17. Nxe4 Nxe4 18. Bxd3 Bxh3 19. gxh3 Qg5+ 20. Kh1 Rad8 21.
Qf3 Nd2 22. Qg2 Qxg2+ 23. Kxg2 Bxd4 24. exd4 Rxd4 25. Bc2 Nxf1 26. Kxf1 Rxc4 27. Bd1 Rc3 28. Bb2 Rxh3 29. Kg2 Rd3 30. Bf3 Rb3 31. Bd4 Rxb5 32. Rc1 Rd8 33. Be3 c6 34. a6 bxa6 35. Rxc6 1-0

[Event "Live Chess"]
[Site "Chess.com"]
[Date "2024.06.02"]
[Round "-"]
[White "Purple1szed"]
[Black "80Times"]
[Result "0-1"]
[WhiteElo "2048"]
[BlackElo "1904"]
[TimeControl "300"]
[EndTime "3:26:48 PDT"]
[Termination "80Times won by resignation"]

1. e4 g6 2. d4 d6 3. Nf3 c6 4.
Be3 Bg7 5. Qd2 Nd7 6. Nc3 h6 7. O-O-O b5 8. h4 b4 9. Ne2 Qa5 10. Kb1 Ngf6 11. e5 Ne4 12. Qd3 d5 13. g4 Ba6 14. Qb3 Bc4 15. Bg2 Bxb3 16. axb3 e6 17. Nf4 Qb5 18. Bf1 Qb6 19. Bd3 a5 20. g5 a4 21.
gxh6 Bxh6 22. h5 g5 23. Ne2 axb3 24. cxb3 Qa5 25. Bxe4 dxe4 26. Nxg5 Qa2+ 27. Kc2 Bxg5 28. Bxg5 c5 29. Ng3 c4 30. Nxe4 Qxb3+ 31. Kd2 Ra2 32. Nd6+ Kf8 33. Ke1 Qxb2 34. Rd2 Qb1+ 35. Ke2 Qd3+ 0-1

[Event "Live Chess"]
[Site "Chess.com"]
[Date "2024.06.02"]
[Round "-"]
[White "GerardATHart"]
[Black "Queensandpawns"]
[Result "0-1"]
[WhiteElo "1368"]
[BlackElo "2240"]
[TimeControl "300"]
[EndTime "3:26:50 PDT"]
[Termination "Queensandpawns won by checkmate"]

1. e4 e5 2. Nf3 d5 3. exd5 e4 4. Nd4 Qxd5 5. Nb3 Nf6 6. Nc3 Qe5 7. Be2 c6 8. h3 h5 9. O-O Bd6 10. f4 exf3 11. Bxf3 Qh2+ 12. Kf2 O-O 13. d4 Qg3+ 14. Kg1 Bxh3 15. Be3 Ng4 16. Qd2 Qh2# 0-1

[Event "Live Chess"]
[Site "Chess.com"]
[Date "2024.06.02"]
[Round "-"]
[White "silunn"]
[Black "matt1979"]
[Result "1-0"]
[WhiteElo "2191"]
[BlackElo "1414"]
[TimeControl "300"]
[EndTime "3:27:20 PDT"]
[Termination "silunn won on time"]

1. e4 d6 2. Nf3 Nf6 3. Nc3 e5 4.
d4 Nbd7 5. Bc4 Be7 6. a4 c6 7. Ng5 O-O 8. h4 h6 9. Be3 b6 10. b4 a6 11. Qb1 Bb7 12. Qa2 b5 13. Bxf7+ Kh8 14. Rd1 d5 15. exd5 Nxd5 16. Nxd5 cxd5 17.
Ne6 Qc8 18. Nxf8 Qxf8 19. Bxd5 Bxb4+ 20. Kf1 Bxd5 21. Qxd5 Nb6 22. Qxe5 Nc4 23. Qf4 Qe8 24. axb5 axb5 25. Rh3 Ra2 26. Qf5 Nd6 27. Qd3 Ra3 28.
Qe2 Ne4 29. Bc1 Rxh3 30. gxh3 Qg6 31. Qg4 Qf6 32. Qxe4 Be7 33. d5 Bd6 34. Qg4 Qe5 35. Re1 Qxd5 36. Re8+ Kh7 37. Qe4+ Qxe4 38. Rxe4 Bb4 39.
Re6 Bc5 40. Re5 Bd4 41. Rxb5 Bf6 42. Bb2 Bxh4 43. Rb7 Kg6 44. Rxg7+ Kh5 45. Rg4 Be7 46. Bc1 Bd8 47. Bxh6 Kxh6 48. Rd4 Bf6 49. Rd6 Kg5 50. Rxf6 Kxf6 51. Kg2 Kg5 52. Kg3 Kf6 53. h4 Kg6 54. Kg4 Kg7 55. h5 Kh6 56. f3 Kg7 57. Kg5 Kh7 58.
c4 Kg7 59. h6+ Kh7 60. Kh5 Kh8 61. Kg6 Kg8 62. c5 Kh8 63. c6 1-0

[Event "Live Chess"]
[Site "Chess.com"]
[Date "2024.06.02"]
[Round "-"]
[White "slava_ukr"]
[Black "elis06"]
[Result "0-1"]
[WhiteElo "2415"]
[BlackElo "2365"]
[TimeControl "300"]
[EndTime "3:27:41 PDT"]
[Termination "elis06 won on time"]

1. e4 c6 2. d4 d5 3. e5 Bf5 4.
g4 Be4 5. f3 Bg6 6. h4 h5 7. e6 fxe6 8. Bd3 Bxd3 9. Qxd3 Qd6 10.
Ne2 e5 11. dxe5 Qxe5 12. Nc3 Nd7 13. Bf4 Qf6 14. g5 Qf7 15. O-O-O e5 16. Bg3 O-O-O 17. Rhe1 Bb4 18. a3 Bd6 19. g6 Qf8 20. Ne4 dxe4 21.
Qxd6 exf3 22. Nc3 Ngf6 23. Qe6 Qc5 24. Rxe5 Qb6 25. Rf5 Rhe8 26. Qd6 Ne5 27. Qb4 Rxd1+ 28. Nxd1 Qxb4 29. axb4 Nxg6 30. Rxf3 Ne5 31. Rf5 Neg4 32.
Rg5 Re7 33. Nf2 Nxf2 34. Bxf2 Ne4 35. Rf5 Nxf2 36. Rxf2 g6 37. Rf6 Re4 38. Rxg6 Rxh4 39. c3 Kc7 40. Kc2 Rh2+ 41. Kb3 h4 42. Rg7+ Kb6 43.
Rh7 a6 44. Rh5 Ka7 45. c4 Rh3+ 46. Ka4 Rh2 47. Ka3 h3 48. b3 Rh1 49. Ka2 h2 50.
Kb2 Kb6 51. Ka2 Kc7 52. Kb2 b5 53. c5 Kd7 54. Rh7+ Ke6 55. Rh5 Kf6 56. Ka2 Kg6 57.
Rh8 Kg7 58. Rh4 Rf1 59. Rxh2 Rf4 60. Rd2 Rxb4 61. Rd6 Kf7 62. Rxc6 a5 63. Ra6 Ke7 64. Rxa5 Kd7 65. Ka3 Rd4 66. Rxb5 Rd1 67. b4 Ra1+ 0-1

[Event "Live Chess"]
[Site "Chess.com"]
[Date "2024.06.02"]
[Round "-"]
[White "Victor_Bondar"]
[Black "Bradfield133"]
[Result "0-1"]
[WhiteElo "1458"]
[BlackElo "1861"]
[TimeControl "300"]
[EndTime "3:27:43 PDT"]
[Termination "Bradfield133 won by checkmate"]

1. e4 c5 2. c3 d5 3. e5 Nc6 4.
d4 cxd4 5. cxd4 Qb6 6. Ne2 Bf5 7. a3 e6 8. b4 Rc8 9. Bb2 Nge7 10. Ng3 Bg6 11. h4 h5 12. Bd3 Bxd3 13. Qxd3 g6 14.
O-O Nf5 15. Nxf5 gxf5 16. Nd2 Be7 17. Nf3 Rg8 18. Kh1 Rg4 19. Rac1 Bxh4 20. Nxh4 Rxh4+ 21. Kg1 Qd8 22. g3 Rg4 23. Kh2 h4 24. Rg1 Qg5 25.
f3 Rxg3 26. Rxg3 Qxg3+ 27. Kh1 Ke7 28. Qf1 Rg8 29. Rc2 Qf4 30. Qh3 Nxd4 31. Bxd4 Qxd4 32. Rc7+ Kd8 33. Rxf7 Qg1# 0-1

[Event "Live Chess"]
[Site "Chess.com"]
[Date "2024.06.02"]
[Round "-"]
[White "RockTroll"]
[Black "SavagePawn7"]
[Result "1-0"]
[WhiteElo "2179"]
[BlackElo "653"]
[TimeControl "300"]
[EndTime "3:27:50 PDT"]
[Termination "RockTroll won by resignation"]

1. Nf3 Nc6 2. g3 d5 3. Bg2 Nf6 4.
d4 Bg4 5. O-O e6 6. c4 dxc4 7. Qa4 Bd6 8. Ne5 Bxe5 9. Bxc6+ bxc6 10. Qxc6+ Qd7 11. Qxa8+ 1-0

[Event "Live Chess"]
[Site "Chess.com"]
[Date "2024.06.02"]
[Round "-"]
[White "Hoogleboogle"]
[Black "NAZRIZ1977"]
[Result "0-1"]
[WhiteElo "1362"]
[BlackElo "2110"]
[TimeControl "300"]
[EndTime "3:27:55 PDT"]
[Termination "NAZRIZ1977 won by checkmate"]

1. d3 g6 2. d4 Bg7 3. c4 Nf6 4. Nc3 O-O 5. Nf3 d6 6. e4 e5 7. d5 a5 8. a4 Na6 9. Bd2 Nc5 10. Be2 Nfxe4 11. Nxe4 Nxe4 12. Qc2 f5 13. Bd3 Nxd2 14. Nxd2 e4 15. Be2 Qf6 16. O-O Qxb2 17. Qxb2 Bxb2 18. Rab1 Bc3 19. Nb3 b6 20. Rbc1 Be5 21.
g3 Bd7 22. f4 Bg7 23. Kg2 Bxa4 24. Bd1 Bd7 25. Be2 a4 26. Na1 a3 27. Rc2 Bb2 28. h4 Ba4 29. Rd2 Rfe8 30. Rb1 e3 31.
Rdxb2 axb2 32. Rxb2 Bd1 33. Kf1 Bxe2+ 34. Kxe2 Rxa1 35.
Rb3 Ra2+ 36. Ke1 e2 37. Rb1 Rc2 38. Ra1 Rc3 39. Ra7 Rc1+ 40. Kf2 e1=Q+ 41. Kf3 Qe2# 0-1

[Event "Live Chess"]
[Site "Chess.com"]
[Date "2024.06.02"]
[Round "-"]
[White "WeakOldFinished"]
[Black "FlyingChessKestrel13"]
[Result "1/2-1/2"]
[WhiteElo "2178"]
[BlackElo "2075"]
[TimeControl "300"]
[EndTime "3:28:07 PDT"]
[Termination "Game drawn by agreement"]

1. d4 d5 2. e4 dxe4 3. Nc3 Nf6 4. f3 exf3 5. Nxf3 Bg4 6. h3 Bxf3 7. Qxf3 Nc6 8. Bb5 e6 9. Bxc6+ bxc6 10. Qxc6+ Nd7 11. O-O Bd6 12. Bg5 Qc8 13. d5 O-O 14. dxe6 fxe6 15. Ne4 Ne5 16. Qc3 Rf5 17. Rad1 Qf8 18. Ng3 Nf3+ 19. Rxf3 Rxf3 20. Qxf3 Qxf3 21. gxf3 Bxg3 22. Kg2 Bd6 23. c4 h6 24. Be3 Be5 25. b3 g5 26.
Rd7 a5 27. Bd4 Bxd4 28. Rxd4 a4 29. b4 a3 30. Rd7 Ra4 31. Rxc7 Rxb4 32. c5 Rb2+ 33.
Kg3 Rxa2 34. Ra7 Rc2 35. Rxa3 Rxc5 36. Ra7 Rf5 37. Kg4 Rf7 38. Ra6 Re7 39. Kh5 Kg7 40. h4 gxh4 41. Kxh4 Kg6 42. Ra8 Rf7 43. Kg4 h5+ 44.
Kg3 Rg7 45. Kf4 Kf6 46. Rh8 e5+ 47. Ke4 Rg5 48. f4 exf4 49. Kxf4 Ra5 50. Rf8+ Kg6 51. Rb8 Ra4+ 52. Kg3 Kg5 53. Rb5+ Kg6 54. Rc5 1/2-1/2

[Event "Live Chess"]
[Site "Chess.com"]
[Date "2024.06.02"]
[Round "-"]
[White "80Times"]
[Black "GerardATHart"]
[Result "1-0"]
[WhiteElo "1905"]
[BlackElo "1367"]
[TimeControl "300"]
[EndTime "3:28:44 PDT"]
[Termination "80Times won by resignation"]

1. e4 e5 2. Bc4 Nf6 3. d4 exd4 4.
Nf3 c5 5. e5 Qe7 6. O-O Ng4 7.
h3 h5 8. Bg5 f6 9. exf6 gxf6 10. Re1 Ne5 11. Nxe5 Kd8 12. Nf7+ 1-0

[Event "Live Chess"]
[Site "Chess.com"]
[Date "2024.06.02"]
[Round "-"]
[White "willc-h99"]
[Black "NottheBishopSacrifice"]
[Result "1/2-1/2"]
[WhiteElo "2617"]
[BlackElo "2316"]
[TimeControl "300"]
[EndTime "3:28:46 PDT"]
[Termination "Game drawn by stalemate"]

1. d4 d5 2. Bg5 h6 3. Bh4 c5 4.
e3 Nc6 5. Nf3 Nf6 6. Nbd2 e6 7.
c3 Be7 8. Bd3 O-O 9. O-O b6 10.
Ne5 Bb7 11. f4 Nd7 12. Bxe7 Qxe7 13. Rf3 Ndxe5 14. fxe5 f5 15. exf6 Rxf6 16. Qe2 Raf8 17. Raf1 Rxf3 18. Rxf3 Rxf3 19. Qxf3 Qf6 20. Qg3 e5 21. Bb5 exd4 22. exd4 cxd4 23. Bxc6 Bxc6 24. h3 dxc3 25. bxc3 Kh7 26. Nb3 Bb5 27. Nd4 Bc4 28.
a4 a6 29. Kh2 b5 30. axb5 axb5 31. Qe3 Qg6 32. Nf3 Qe4 33. Qf2 Qf4+ 34. g3 Qf6 35. Qe3 Qg6 36. h4 Qe4 37. Qf2 Qd3 38. Ne5 Qe2 39. Kg2 Qxe5 40. Kh3 Qe6+ 41. g4 Qg6 42. h5 Qd3+ 43. Kh4 Qe4 44. Kg3 Be2 45. g5 Qg4+ 46. Kh2 Qxh5+ 47. Kg1 Qxg5+ 48. Kh2 Qh5+ 49. Kg1 Qg4+ 50. Kh2 Qf3 51. Qd4 Bf1 52. Qd2 Qg2+ 53. Qxg2 Bxg2 54. Kxg2 Kg6 55. Kf3 Kf5 56. Ke3 Ke5 57. Kd3 Kd6 58. c4 bxc4+ 59. Kd4 h5 60. Kc3 h4 61. Kd2 h3 62. Ke2 h2 63. Ke3 h1=Q 64.
Kd4 Qh4+ 65. Kc3 Qg3+ 66. Kb4 Qf4 67. Kc3 g5 68. Kc2 g4 69. Kd1 g3 70. Ke1 g2 71.
Ke2 g1=Q 1/2-1/2

[Event "Live Chess"]
[Site "Chess.com"]
[Date "2024.06.02"]
[Round "-"]
[White "f4nomore"]
[Black "Pandreq"]
[Result "1/2-1/2"]
[WhiteElo "1246"]
[BlackElo "1221"]
[TimeControl "300"]
[EndTime "3:28:50 PDT"]
[Termination "Game drawn by repetition"]

1. c4 e5 2. Nc3 Nc6 3. d3 d6 4. Nf3 Be6 5. g3 Nf6 6. Bg2 Be7 7. O-O O-O 8. b3 Qc8 9. a3 d5 10. cxd5 Nxd5 11. Nxd5 Bxd5 12. e4 Be6 13. Bb2 Bf6 14. Rc1 Re8 15. Qd2 Bxb3 16. Rc3 Be6 17. Ng5 Bxg5 18.
Qxg5 f6 19. Qe3 Bh3 20. Rfc1 Nd4 21. Rxc7 Qe6 22. Bxd4 exd4 23. Qxd4 Bxg2 24. Kxg2 Red8 25. Qe3 h6 26. f4 b6 27. f5 Qd6 28. Qf3 Qxd3 29.
Qxd3 Rxd3 30. Re7 Rxa3 31. Rcc7 Ra2+ 32. Kh3 b5 33. Rxg7+ Kh8 34. Rh7+ Kg8 35. Rxh6 b4 36. Rg6+ Kh8 37. Rb7 a5 38. Rxf6 Ra3 39. Rh6+ Kg8 40. Rhh7 b3 41. Rbg7+ Kf8 42. Rf7+ Kg8 43. Rfg7+ Kf8 44.
Rf7+ Kg8 45. Rfg7+ 1/2-1/2

[Event "Live Chess"]
[Site "Chess.com"]
[Date "2024.06.02"]
[Round "-"]
[White "resipsa6"]
[Black "TC2304"]
[Result "0-1"]
[WhiteElo "2023"]
[BlackElo "2338"]
[TimeControl "300"]
[EndTime "3:28:51 PDT"]
[Termination "TC2304 won by checkmate"]

1. e4 c6 2. d4 d5 3. exd5 cxd5 4. Nf3 Nf6 5. c3 Nc6 6. Be2 Bg4 7. O-O e6 8. Nbd2 Bd6 9. h3 Bh5 10. Re1 O-O 11. Nf1 Ne4 12. N1d2 f5 13. Nxe4 fxe4 14. Bg5 exf3 15. Bxd8 fxe2 16. Qd3 Raxd8 17. g4 Bg6 18. Qxe2 Be4 19. Rf1 Rf3 20. Rae1 Rdf8 21. Qd1 Rxh3 22.
Rxe4 dxe4 23. Qb3 Rf6 24. Qxb7 Rg6 25. Qc8+ Kf7 26. f3 Rg3+ 27. Kf2 Rxf3+ 28. Ke2 Ne7 29. Qb7 Rxg4 30. Rxf3+ exf3+ 31. Kxf3 Rf4+ 32. Ke2 g5 33. d5 exd5 34. Qxa7 g4 35. Qg1 g3 36. b4 Rf2+ 37.
Kd3 h5 38. b5 h4 39. Qh1 g2 40. Qxh4 g1=Q 41. Qh7+ Qg7 42. Qh1 Qg6+ 43. Kd4 Rd2+ 44. Ke3 Qd3# 0-1

[Event "Live Chess"]
[Site "Chess.com"]
[Date "2024.06.02"]
[Round "-"]
[White "slava_ukr"]
[Black "Bunny55"]
[Result "1-0"]
[WhiteElo "2415"]
[BlackElo "1160"]
[TimeControl "300"]
[EndTime "3:28:51 PDT"]
[Termination "slava_ukr won by resignation"]

1. e4 c5 2. d4 cxd4 3. c3 dxc3 4. Nxc3 Nc6 5. Bc4 Nf6 6. Nf3 e5 7. Ng5 Ke7 8. Nxf7 d5 9. Nxd8 Be6 10. Nxe6 Kxe6 11. exd5+ 1-0

[Event "Live Chess"]
[Site "Chess.com"]
[Date "2024.06.02"]
[Round "-"]
[White "Ferrarifan27"]
[Black "ZatixMajor"]
[Result "1/2-1/2"]
[WhiteElo "2150"]
[BlackElo "2033"]
[TimeControl "300"]
[EndTime "3:28:52 PDT"]
[Termination "Game drawn by stalemate"]

1. e4 c5 2. Nf3 Nc6 3. b4 e6 4.
bxc5 Bxc5 5. d4 Be7 6. Bb2 Nf6 7. e5 Nd5 8. Bd3 Ncb4 9. Be4 f5 10. exf6 Nxf6 11.
Bd3 Nxd3+ 12. Qxd3 O-O 13. O-O b6 14. Nc3 a5 15.
Rfe1 Ba6 16. Qe3 Rc8 17. Rac1 Bb7 18. Ng5 Rxc3 19. Qxc3 Nd5 20. Nxe6 dxe6 21. Qh3 Nf4 22. Qg4 Qd5 23. f3 h5 24. Qg3 Bd6 25. Qh4 Nxg2 26. Qh3 Nxe1 27. Rxe1 Rxf3 28. Qxe6+ Qxe6 29. Rxe6 Bf4 30. Rxb6 Be3+ 31. Kg2 Rf2+ 32. Kg3 h4+ 33. Kxh4 Bf3 34.
Kg3 Rf1 35. Rb3 Bf4+ 36. Kxf4 Bd5+ 37. Ke5 Bxb3 38. axb3 Rf2 39. d5 Rxc2 40. Bd4 Rxh2 41.
d6 Kf7 42. Bb6 Rh5+ 43. Kd4 Ke6 44. Bc5 Rd5+ 45. Kc4 g5 46. Kb5 g4 47. Kc6 g3 48.
Bb6 Rxd6+ 49. Kc7 Rxb6 50. Kxb6 g2 51. Kxa5 g1=Q 52. b4 Qa7+ 53. Kb5 Kd5 1/2-1/2

[Event "Live Chess"]
[Site "Chess.com"]
[Date "2024.06.02"]
[Round "-"]
[White "StoreySniper"]
[Black "Bodhanas"]
[Result "0-1"]
[WhiteElo "2498"]
[BlackElo "2275"]
[TimeControl "300"]
[EndTime "3:29:15 PDT"]
[Termination "Bodhanas won on time"]

1. e4 d6 2. d4 c6 3. Nf3 Qc7 4. c4 Bg4 5. Nc3 Nd7 6. h3 Bxf3 7. gxf3 e5 8. d5 Ngf6 9. Be3 Nb6 10. Rc1 Be7 11. Qd2 a6 12. b3 Rc8 13. h4 h5 14.
Bh3 Rd8 15. f4 exf4 16. Bxf4 Ng4 17. Bg5 Ne5 18. Qe3 Bxg5 19. hxg5 c5 20. f4 Ng6 21.
O-O O-O 22. Qf3 h4 23. Bf5 Rfe8 24. Rc2 Nd7 25. Rh2 Ndf8 26. Qg4 Qa5 27. Rf3 b5 28. Rfh3 b4 29. Na4 Qc7 30. Rxh4 Nxh4 31. Qxh4 Ng6 32.
Qh7+ Kf8 33. Bxg6 fxg6 34. Qxg6 Qf7 35. Qf5 Qxf5 36. exf5 Re1+ 37. Kf2 Ra1 38. Kf3 Rf1+ 39. Kg4 Rg1+ 40. Kf3 Rf1+ 41. Kg3 Rg1+ 42. Kf2 Ra1 43. Rh8+ Ke7 44. f6+ gxf6 45. gxf6+ Kd7 46. Nb6+ Kc7 47. Rxd8 Kxd8 48. Kf3 Rxa2 49. Kg4 a5 50. Kf5 a4 51. Nxa4 Rxa4 52. bxa4 b3 53. Ke6 Ke8 54. f7+ Kf8 0-1

[Event "Live Chess"]
[Site "Chess.com"]
[Date "2024.06.02"]
[Round "-"]
[White "Crowded_House"]
[Black "Brooms1989"]
[Result "0-1"]
[WhiteElo "1649"]
[BlackElo "1239"]
[TimeControl "300"]
[EndTime "3:29:15 PDT"]
[Termination "Brooms1989 won by resignation"]

1. d4 Nf6 2. Bg5 g6 3. c3 Bg7 4. e3 O-O 5. Bd3 d6 6. Nf3 h6 7.
Bh4 c5 8. dxc5 dxc5 9. Bc2 Nc6 10. O-O b6 11. Nbd2 Bb7 12. Ne4 Nxe4 13. Bxe4 g5 14. Bg3 f5 15. Bxc6 Bxc6 16. Nd2 e5 17. h3 f4 18. exf4 exf4 19. Bh2 Qd5 20. Nf3 Rad8 21. Qxd5+ Rxd5 22. Rad1 Rfd8 23. Rxd5 Rxd5 24. Re1 Kf8 25. Kf1 Rd3 26. Re6 Bxf3 27. gxf3 Rxf3 28. Rc6 Rxh3 29.
Bg1 Rd3 30. Rc8+ Kf7 31. Rc7+ Kf6 32. Rxa7 Rd2 33. b3 Bf8 34. c4 h5 35. Ra6 Rd6 36. f3 g4 37. fxg4 hxg4 38. Bxc5 bxc5 39. Rxd6+ Bxd6 40. a4 Bc7 41. Ke2 Ke5 42. Kd3 g3 43. Ke2 Ke4 44.
Kf1 Kf3 45. Kg1 Ke2 46. Kg2 f3+ 47. Kg1 f2+ 0-1